 Dungeon Crawl Stone Soup version 0.17-a0-1504-gb7d9117 (webtiles) character file.

113 mrath the Sneak (level 4, -6/34 HPs)
             Began as a Demonspawn Assassin on July 9, 2015.
             Killed by nerve-wracking pain
             ... invoked by a shadow imp
             ... summoned by Natasha
              (11 damage)
             ... on level 3 of the Dungeon.
             The game lasted 00:39:20 (2902 turns).

mrath the Sneak (Demonspawn Assassin)               Turns: 2902, Time: 00:39:21

Health: -6/34      AC:  4    Str: 11    XL:     4   Next: 65%
Magic:  0/4        EV: 12    Int: 12    God:
Gold:   71         SH:  0    Dex: 16    Spells: 0 memorised, 3 levels left

rFire  . . .     SeeInvis .     a - +2 dagger
rCold  . . .     Clarity  .     c - +1 robe
rNeg   . . .     SustAt   .     (no shield)
rPois  .         Gourm    .     (helmet restricted)
rElec  .         Spirit   +     d - +0 cloak
rCorr  .         Warding  .     (no gloves)
rMut   .         Stasis   .     (no boots)
MR     .....                    (no amulet)
Stlth  +++.......               (no ring)
                                (no ring)

@: very slightly contaminated, invisible, not resistant to hostile enchantments,
fairly stealthy
A: antennae 1, hooves 1, magic shield
a: no special abilities


You were on level 3 of the Dungeon.
You were not hungry.

You visited 1 branch of the dungeon, and saw 3 of its levels.

You collected 71 gold pieces.

Inventory:

Hand weapons
 a - a +2 dagger (weapon)
 b - a +0 blowgun
 l - a +0 dagger of venom
 w - a +0 whip
Missiles
 f - a curare-tipped needle
 k - 52 sling bullets
 m - 95 stones (quivered)
 r - 27 arrows of frost
 u - 35 arrows
 x - a poisoned needle
Armour
 c - a +1 robe (worn)
 d - a +0 cloak (worn)
Magical devices
 C - a wand of slowing (32)
Scrolls
 h - 2 scrolls of fog
Potions
 j - a potion of resistance {unknown}
 n - a potion of brilliance {unknown}
 q - a potion of curing {unknown}
 s - a potion of beneficial mutation {unknown}
 t - a potion of might {unknown}
 v - a potion of heal wounds {unknown}
 z - a potion of flight {unknown}
 B - a potion of haste {unknown}
Books
 y - a book of Transfigurations

   Spells                             Type                      Level
   a - Stoneskin                      Transmutation/Earth          2
   b - Irradiate                      Conjuration/Transmutation    5
   c - Statue Form                    Transmutation/Earth          6
   d - Hydra Form                     Transmutation                6
   e - Dragon Form                    Transmutation                7
Comestibles
 g - 3 bread rations
 i - 6 fruits
 o - 2 beef jerkies
 p - a slice of pizza
 A - 2 meat rations
 D - 10 chunks of flesh


   Skills:
 + Level 2.3 Fighting
 + Level 2.0 Short Blades
 + Level 2.6 Throwing
 + Level 1.5 Dodging
 + Level 4.8 Stealth


You had 3 spell levels left.
You didn't know any spells.

Dungeon Overview and Level Annotations

Branches:
Dungeon (3/15)

Altars:
Cheibriados
Ru

Annotations:
D:3 Natasha


Innate Abilities, Weirdness & Mutations

You have a pair of small antennae on your head.
You have large cloven feet.
When hurt, damage is shared between your health and your magic reserves.


Message History

The shadow imp gestures at you. Pain shoots through your body!
Natasha extends her claws.
You miss Natasha.
Natasha is lightly wounded.
Natasha mumbles some strange words.
You miss Natasha. Your kick misses Natasha.
Natasha is lightly wounded.
Natasha claws you but does no damage.
You completely miss Natasha.
Natasha is lightly wounded.
Natasha stares at you and mumbles some strange words.
The magic dart hits you!
* * * LOW HITPOINT WARNING * * *
Natasha mumbles some strange words.
You feel disoriented. Natasha barely misses you.
The shadow imp gestures at you. Pain shoots through your body!
You die...

.#.# #...........##.....## ...#
#...........#..##.<.## ..##
###....######.##....)# ..# ##.##.#
##..###....#### ..# #..##.# #..##
####....# # .## #.###.. #.##
####.#### .# #.# #..
#.###########..##. .######.#
#.##.##.........#.##[ .)..#...#
#..#@##.........#..#. ......###
#....#......>..##... ....#####
#####h5#.........##..#
........####...5o....)).....##..#
....###........o....######..##...
.........o...o#####.#....#.รท.....
#############o# ..#....#..##.## #
{ #.# ##.#._..'..##.##
#....(o{.##.#....#..##.##


You could see Natasha, 2 shadow imps and 2 orcs.

Vanquished Creatures
  A gnoll (D:3)
  3 adders
  An ooze (D:1)
  A worm (D:2)
  An orc (D:3)
  A ball python (D:2)
  8 bats
  5 giant cockroaches
  7 hobgoblins
  6 jackals
  6 kobolds
  A quokka (D:2)
  2 giant geckos
  5 giant newts
  12 goblins
  8 rats
68 creatures vanquished.

Notes
Turn   | Place    | Note
--------------------------------------------------------------
     0 | D:1      | mrath the Demonspawn Assassin began the quest for the Orb.
     0 | D:1      | Reached XP level 1. HP: 16/16 MP: 1/1
   317 | D:1      | Gained mutation: You have large cloven feet. [demonic ancestry]
   317 | D:1      | Reached XP level 2. HP: 22/22 MP: 2/2
   351 | D:1      | Reached skill level 1 in Dodging
   351 | D:1      | Reached skill level 4 in Stealth
   984 | D:1      | Gained mutation: When hurt, damage is shared between your health and your magic reserves. [demonic ancestry]
   984 | D:1      | Reached XP level 3. HP: 27/27 MP: 3/3
  1222 | D:2      | Found a sacrificial altar of Ru.
  1904 | D:3      | Gained mutation: You have a pair of small antennae on your head. [demonic ancestry]
  1904 | D:3      | Reached XP level 4. HP: 30/33 MP: 4/4
  2248 | D:3      | Found a snail-covered altar of Cheibriados.
  2773 | D:3      | Noticed Natasha
  2902 | D:3      | Killed from afar by a shadow imp

Vault maps used:
D:1:      dpeg_arrival_long_road, minmay_misc_feat_iff,
          kennysheep_pointless_box, serial_bayou_pond_e, hangedman_decor_points,
          st_stairs_8, minmay_misc_feat_diagonals, minmay_crystal_room
D:2:      first_bread, nicolae_ru_awakened_eye
D:3:      kennysheep_the_goblin_king, cheibriados_altar_wand_db, uniq_iyjb,
          uniq_natasha

Action                   |  1- 3 |  4- 6 || total
-------------------------+-------+-------++-------
Melee: Dagger            |    55 |    79 ||   134
 Fire: Blowgun           |    51 |       ||    51
Throw: Stone             |    25 |    24 ||    49
  Use: Scroll            |     5 |     1 ||     6
       Potion            |       |     2 ||     2
 Stab: Sleeping          |    21 |     1 ||    22
       Distracted        |     2 |       ||     2
  Eat: Chunk             |     3 |     2 ||     5
       Pizza             |       |     1 ||     1
